 Dungeon Crawl Stone Soup version 0.31.0-32-g396128a36d (webtiles) character file.

Game seed: 2225651361221971312

77 mparten the Conjurer (level 4, -2/24 HPs)
             Began as a Deep Elf Conjurer on Mar 31, 2024.
             Splashed by a jelly's acid (3 damage)
             ... on level 2 of the Dungeon.
             The game lasted 00:02:11 (1315 turns).

mparten the Conjurer (Deep Elf Conjurer)            Turns: 1315, Time: 00:02:11

Health: -2/24      AC:  1    Str:  4    XL:     4   Next: 14%
Magic:  10/12      EV: 12    Int: 25    God:
Gold:   104        SH:  0    Dex: 13    Spells: 11/12 levels left

rFire   . . .        l - +2 short sword (protect)
rCold   . . .        (no shield)
rNeg    . . .        a - +0 robe
rPois   .            (no helmet)
rElec   .            (no cloak)
rCorr   .            (no gloves)
SInv    .            (no boots)
Will    .....        (no amulet)
Stlth   ++           (no ring)
HPRegen 0.24/turn    (no ring)
MPRegen 0.13/turn

%: no passive effects
@: corroded, under a protective aura
A: no striking features
a: no special abilities


You were on level 2 of the Dungeon.
You visited 1 branch of the dungeon, and saw 2 of its levels.

You collected 104 gold pieces.

Inventory:

Hand Weapons
 l - a +2 short sword of protection (weapon)
Armour
 a - a +0 robe (worn)
Scrolls
 d - a scroll of fear {unknown}
 e - 2 scrolls of identify {unknown}
 f - a scroll of enchant weapon {unknown}
 g - a scroll of poison {unknown}
 h - 2 scrolls of revelation {unknown}
 i - 2 scrolls of torment {unknown}
 j - a scroll of enchant armour {unknown}
Potions
 b - a potion of magic
 c - 4 potions of curing {unknown}
 k - a potion of haste {unknown}


   Skills:
 - Level 2.4 Dodging
 - Level 2.4 Stealth
 + Level 4.7 Spellcasting
 + Level 5.4 Conjurations


You had 11 spell levels left.
You knew the following spells:

 Your Spells              Type           Power      Damage    Failure   Level
a - Magic Dart            Conj           100%       1d8       1%          1

Your spell library contained the following spells:

 Spells                   Type           Power      Damage    Failure   Level
 Searing Ray              Conj           66%        2d6       1%          2
 Fulminant Prism          Conj/Alch      9%         3d7       28%         4
 Iskenderun's Mystic Bla  Conj/Tloc      19%        2d6       28%         4


Dungeon Overview and Level Annotations

Branches:
Dungeon (2/15)

Altars:


Message History

You now have 11/12 mp.
You see here a +0 short sword.
You open the door.
A jelly and 2 endoplasms come into view.
The jelly quivers.
MP restored: 12 The magic dart hits the endoplasm.
The endoplasm is severely wounded.
The endoplasm quivers.
You now have 11/12 mp.
The magic dart hits the endoplasm!
You kill the endoplasm!
The endoplasm quivers.
You now have 10/12 mp.
The magic dart hits the jelly.
The jelly is lightly wounded.
The jelly hits you. The acid corrodes you!
You are splashed with acid!
You take 9 damage, and have 15/24 hp.
MASSIVE DAMAGE!!
You now have 9/12 mp.
You are too injured to fight recklessly!
The jelly attacks as it pursues you! The jelly hits you. The acid corrodes you!
You are splashed with acid!
* * * LOW HITPOINT WARNING * * *
You take 11 damage, and have 4/24 hp.
MASSIVE DAMAGE!!
You hit the jelly but do no damage.
Your weapon exudes an aura of protection.
Your hands burn!
* * * LOW HITPOINT WARNING * * *
The jelly is lightly wounded.
You hit the jelly.
Your hands burn!
* * * LOW HITPOINT WARNING * * *
The jelly is moderately wounded.
The jelly barely misses you.
You take 1 damage, and have 3/24 hp.
You hit the jelly.
Your hands burn!
* * * LOW HITPOINT WARNING * * *
The jelly is moderately wounded.
The jelly hits you but does no damage.
You take 2 damage, and have 1/24 hp.
You hit the jelly but do no damage.
Your hands burn!
You die...

........).#
##.....##
#..#####
....##....#
#.......#
#..##..[
....##....#
#.......#
#..##...
....##....#
#.......#
#..##...
....##....#
#.......#
#..##...
....#######
#....####
#..#####
....#
#....'..##
#..# ....#
########.#
#..#####
#JJ@...##
#....#..
#'#######
##.#.#..
#.P #.#.#..
#.. #.#.#..
#.. #...#..
#.P
####..#..
#.P
#.....#..
#.รท
#........
#........


You could see a jelly and an endoplasm.

Vanquished Creatures
  A howler monkey (D:2)
  An adder (D:2)
  A ball python (D:2)
  5 endoplasms
  A giant cockroach (D:1)
  A goblin (D:2)
  2 hobgoblins (D:1)
  11 kobolds
  A quokka (D:2)
  3 bats
  A rat (D:2)
28 creatures vanquished.

Notes
Turn   | Place    | Note
-------+----------+-------------------------------------------
     0 | D:1      | mparten the Deep Elf Conjurer began the quest for the Orb.
     0 | D:1      | Reached XP level 1. HP: 10/10 MP: 6/6
   248 | D:1      | Reached XP level 2. HP: 15/15 MP: 4/8
   918 | D:2      | Noticed a howler monkey
   923 | D:2      | Killed a howler monkey
   924 | D:2      | Reached skill level 5 in Conjurations
   924 | D:2      | Reached XP level 3. HP: 19/19 MP: 3/11
  1114 | D:2      | Reached XP level 4. HP: 24/24 MP: 10/12
  1314 | D:2      | HP: 1/24 [acid (2)]
  1315 | D:2      | Splashed by a jelly's acid

Illustrated notes

Levels and vault maps discovered:
D:1:      tarquinn_simple_flora_water_d, layout_loops_ring
D:2:      cheibrodos_fertilizer, layout_basic, uniq_sigmund

Skill      XL: |  1  2 |
---------------+-------+-----
Spellcasting   | 4 |  4.7
Conjurations   | 5 |  5.4
Dodging        | |  2.4
Stealth        | |  2.4

Action                     |  1- 3 |  4- 6 || total
---------------------------+-------+-------++-------
  Melee: Short sword       |       |     4 ||     4
   Cast: Magic Dart        |    35 |    15 ||    50
 Armour: Robe              |       |     4 ||     4
  Dodge: Dodged            |       |     3 ||     3
